 Dungeon Crawl Stone Soup version 0.24.0-13-gcf9b3192b9 (webtiles) character file.

Game seed: 2134786388211299092, levelgen mode: deterministic

9814 Aviak the Blocker (level 11, 0/101 HPs)
             Began as a Minotaur Fighter on Nov 9, 2019.
             Was a High Priest of Okawaru.
             Killed by divine providence
             ... invoked by an orc priest
              (11 damage)
             ... on level 11 of the Dungeon.
             The game lasted 00:09:14 (8205 turns).

Aviak the Blocker (Minotaur Fighter)                Turns: 8205, Time: 00:09:14

Health: 0/101      AC: 16    Str: 25    XL:     11   Next: 28%
Magic:  11/13      EV: 11    Int:  5    God:    Okawaru [*****.]
Gold:   610        SH: 14    Dex:  9    Spells: 10/10 levels left

rFire    + + .     SeeInvis .   s - +1 war axe (freeze)
rCold    + . .     Gourm    .   c - +0 shield
rNeg     . . .     Faith    .   p - +0 chain mail
rPois    +         Spirit   .   (helmet restricted)
rElec    .         Reflect  .   J - scarf {rC+ rF+}
rCorr    .         Harm     .   D - +0 pair of gloves
MR       .....                  g - +0 pair of boots
Stlth    ..........             (no amulet)
HPRegen  0.26/turn              F - ring of protection from fire
MPRegen  0.13/turn              P - ring of poison resistance

@: heroism, studying Conjurations
A: retaliatory headbutt, horns 2
a: Heroism, Finesse, Renounce Religion


You were on level 11 of the Dungeon.
You worshipped Okawaru.
Okawaru was extremely pleased with you.
You were not hungry.

You visited 2 branches of the dungeon, and saw 12 of its levels.

You collected 610 gold pieces.

Inventory:

Hand Weapons
 a - a +0 war axe
 s - a +1 war axe of freezing (weapon)
Armour
 c - a +0 shield (worn)
 g - a +0 pair of boots (worn)
 p - a +0 chain mail (worn)
 D - a +0 pair of gloves (worn)
 J - a scarf of resistance (worn)
Jewellery
 b - an uncursed amulet of faith {unknown}
 v - an uncursed ring of flight
 y - an uncursed ring of protection from cold {unknown}
 A - a +3 amulet of reflection {unknown}
 C - a cursed -3 ring of intelligence {unknown}
 F - a ring of protection from fire (left hand)
 K - a +3 amulet of reflection {unknown}
 N - a cursed amulet of inaccuracy {unknown}
 P - a ring of poison resistance (right hand)
Wands
 u - a wand of clouds (6)
 z - a wand of polymorph (4)
 B - a wand of digging (6)
 G - a wand of acid (5)
Scrolls
 i - 5 scrolls of random uselessness {unknown}
 k - 2 scrolls of immolation {unknown}
 l - 4 scrolls of remove curse {unknown}
 m - 17 scrolls of identify {unknown}
 o - a scroll of noise {unknown}
 q - 3 scrolls of fog {unknown}
 t - 2 scrolls of enchant weapon {unknown}
 E - a scroll of fear {unknown}
 I - 5 scrolls of teleportation {unknown}
 L - a scroll of silence {unknown}
 O - 5 scrolls of amnesia {unknown}
Potions
 d - 2 potions of might
 e - 2 potions of resistance {unknown}
 h - 5 potions of curing
 j - a potion of agility {unknown}
 n - a potion of heal wounds {unknown}
 r - 2 potions of degeneration {unknown}
 x - 3 potions of brilliance {unknown}
 H - 2 potions of magic {unknown}
 M - a potion of ambrosia {unknown}
 R - a potion of lignification {unknown}
Books
 w - a manual of Conjurations
Comestibles
 f - 23 rations
 Q - 3 chunks of flesh


   Skills:
 + Level 10.3(15.3) Fighting
 + Level 10.0(15.0) Axes
 + Level 10.3(15.3) Armour
 + Level 10.4(15.4) Shields
 + Level 4.3 Invocations
 - Level 5.0 Evocations


You had 10 spell levels left.
You didn't know any spells.
Your spell library contained the following spells:

 Spells                   Type           Power        Failure   Level  Hunger
 Flame Tongue             Conj/Fire      #....        91%         1    ##.....
 Magic Dart               Conj           #...         91%         1    ##.....
 Blink                    Tloc           N/A          97%         2    ###....
 Call Imp                 Summ           #.......     97%         2    ###....
 Slow                     Hex            #.......     97%         2    ###....
 Throw Flame              Conj/Fire      #.....       97%         2    ###....
 Conjure Flame            Conj/Fire      #.......     99%         3    ####...
 Inner Flame              Hex/Fire       #.......     99%         3    ####...
 Mephitic Cloud           Conj/Pois/Air  #.......     99%         3    ####...
 Sticky Flame             Conj/Fire      #.......     100%        4    #####..
 Fireball                 Conj/Fire      #.........   100%        5    ######.
 Poison Arrow             Conj/Pois      #.........   100%        6    #######
 Chain Lightning          Conj/Air       #.........   100%        8    #######
 Lehudib's Crystal Spear  Conj/Erth      #.........   100%        8    #######
 Fire Storm               Conj/Fire      #.........   100%        9    #######
 Glaciate                 Conj/Ice       #.........   100%        9    #######


Dungeon Overview and Level Annotations

Branches:
Dungeon (11/15)            Temple (1/1) D:6            Lair (0/6) D:9
    Orc (0/2) D:9

Altars:
Cheibriados
Dithmenos
Elyvilon
Fedhas
Hepliaklqana
Kikubaaqudgha
Makhleb
Nemelex Xobeh
Okawaru
Qazlal
Ru
Sif Muna
Trog
Uskayaw
Vehumet
Wu Jian
Xom
Yredelemnul
Zin
The Shining One

Shops:
D:4 [   D:7 %   D:8 =

Annotations:
D:8 2 runed translucent doors, Ratty's ghost, novice DENe


Innate Abilities, Weirdness & Mutations

You reflexively headbutt those who attack you in melee.
You have a pair of horns on your head.


Message History

Aim: a troll The bolt of acid hits the troll!
The troll is splashed with acid.
The acid corrodes the troll!
The troll is moderately wounded.
An orc priest comes into view. It is wielding a +0 war axe.
The troll closely misses you. You block the troll's attack.
The troll misses you.
The orc priest shouts!
You slice the troll!! You freeze the troll.
You kill the troll!
Okawaru accepts your kill.
Your base Axes skill increases to level 10!
The orc priest calls down the wrath of Beogh upon you.
Beogh smites you!
* * * LOW HITPOINT WARNING * * *
You hear a shout!
You hear a bellow! x5
The orc priest calls down the wrath of Beogh upon you.
Beogh smites you!
You die...

### ..# #.#
#o# #.# #.#
#.#
##.########
#..@<.....#
#.#######...
#)# #)# ).#
##.# ..# #.#
#..


You could see an orc priest.

Vanquished Creatures
  Pikel (D:5)
  An ugly thing (D:11)
  5 gargoyles
  2 komodo dragons
  A troll (D:11)
  Grinder (D:4)
  4 hippogriffs
  4 yaks (D:9)
  Eustachio (D:4)
  Duvessa (D:4)
  3 ice beasts
  2 sky beasts
  3 orc warriors
  2 black bears
  4 phantoms
  6 centaurs
  A crocodile (D:8)
  2 ogres
  A big kobold (D:6)
  Blork the orc (D:5)
  A bullfrog (D:10)
  A gnoll sergeant (D:7)
  Dowan (D:4)
  A wyvern skeleton (D:8)
  2 scorpions
  19 wights
  2 howler monkeys (D:7)
  A bullfrog zombie (D:5)
  4 crimson imps
  5 hounds
  3 jellies
  7 orc priests
  2 bullfrog skeletons
  A gnoll shaman (D:4)
  4 iguanas
  10 orc wizards
  8 worker ants
  15 gnolls
  2 howler monkey skeletons
  14 adders
  5 shadow imps
  2 worms
  13 dart slugs
  4 leopard geckos
  43 orcs
  A ball python (D:5)
  6 giant cockroaches
  6 hobgoblins
  3 jackals (D:4)
  4 quokkas
  5 bats
  3 frilled lizards
  6 goblins
  2 jackal skeletons
  12 kobolds
  A quokka skeleton (D:5)
  7 rats
272 creatures vanquished.

Vanquished Creatures (others)
  A plant (D:9)
1 creature vanquished.

Grand Total: 273 creatures vanquished

Notes
Turn   | Place    | Note
-------+----------+-------------------------------------------
     0 | D:1      | Aviak the Minotaur Fighter began the quest for the Orb.
     0 | D:1      | Reached XP level 1. HP: 19/19 MP: 0/0
   103 | D:1      | Reached XP level 2. HP: 27/27 MP: 1/1
   704 | D:2      | Reached XP level 3. HP: 24/33 MP: 2/2
  1117 | D:2      | Found a shimmering blue altar of Sif Muna.
  1193 | D:2      | Reached XP level 4. HP: 40/40 MP: 3/3
  1698 | D:3      | Found a burning altar of Makhleb.
  1834 | D:3      | Reached XP level 5. HP: 11/47 MP: 4/4
  2378 | D:3      | Found a bloodstained altar of Trog.
  2381 | D:3      | Found a hide-covered altar of Uskayaw.
  2384 | D:3      | Found a basalt altar of Yredelemnul.
  2389 | D:3      | Found a snail-covered altar of Cheibriados.
  2389 | D:3      | Found a blossoming altar of Fedhas.
  2483 | D:4      | Reached skill level 5 in Shields
  2487 | D:4      | Reached skill level 5 in Armour
  2499 | D:4      | Reached skill level 5 in Fighting
  2552 | D:4      | Reached XP level 6. HP: 49/56 MP: 5/5
  2556 | D:4      | Found Ugiameru's Antique Armour Shop.
  2557 | D:4      | Noticed Duvessa
  2558 | D:4      | Noticed Dowan
  2568 | D:4      | Noticed Grinder
  2584 | D:4      | Paralysed by Grinder for 6 turns
  2595 | D:4      | Paralysed by Grinder for 2 turns
  2612 | D:4      | HP: 1/56 [Grinder/nerve-wracking pain (12)]
  2923 | D:4      | Paralysed by Grinder for 6 turns
  2932 | D:4      | Killed Grinder
  3067 | D:4      | Killed Duvessa
  3067 | D:4      | Reached skill level 5 in Axes
  3067 | D:4      | Reached XP level 7. HP: 51/62 MP: 6/6
  3069 | D:4      | Killed Dowan
  3143 | D:4      | Noticed Eustachio
  3151 | D:4      | Killed Eustachio
  3194 | D:4      | Reached XP level 8. HP: 45/71 MP: 7/7
  3494 | D:5      | Entered Level 5 of the Dungeon
  3532 | D:5      | Reached skill level 1 in Evocations
  3829 | D:5      | Noticed Blork the orc
  3844 | D:5      | Killed Blork the orc
  4032 | D:5      | Noticed Pikel
  4041 | D:5      | Killed Pikel
  4041 | D:5      | Reached XP level 9. HP: 58/80 MP: 8/10
  4358 | D:6      | Found a staircase to the Ecumenical Temple.
  4371 | Temple   | Entered the Ecumenical Temple
  4433 | Temple   | Became a worshipper of Warmaster Okawaru
  4633 | D:6      | Reached * piety under Okawaru
  5673 | D:7      | Found Uptunk's Food Shoppe.
  5720 | D:7      | Reached ** piety under Okawaru
  5964 | D:8      | Reached XP level 10. HP: 86/90 MP: 12/12
  6134 | D:8      | Reached skill level 1 in Invocations
  6163 | D:8      | Found Plog's Jewellery Boutique.
  6268 | D:8      | Found a large runed translucent door.
  6270 | D:8      | Found a large runed translucent door.
  6272 | D:8      | Noticed Ratty's ghost (novice DENe)
  6506 | D:8      | Noticed a gargoyle
  6510 | D:8      | Noticed a gargoyle
  6511 | D:8      | Noticed a gargoyle
  6513 | D:8      | Noticed a gargoyle
  6514 | D:8      | Killed a gargoyle
  6523 | D:8      | Killed a gargoyle
  6523 | D:8      | Reached *** piety under Okawaru
  6527 | D:8      | Killed a gargoyle
  6527 | D:8      | Reached skill level 5 in Evocations
  6534 | D:8      | Killed a gargoyle
  7077 | D:9      | Found a staircase to the Orcish Mines.
  7162 | D:9      | Reached **** piety under Okawaru
  7168 | D:9      | Reached skill level 10 in Shields
  7212 | D:9      | Reached skill level 10 in Fighting
  7339 | D:9      | Found a staircase to the Lair.
  7384 | D:9      | Reached skill level 10 in Armour
  7384 | D:9      | Reached XP level 11. HP: 63/99 MP: 10/13
  7416 | D:10     | Entered Level 10 of the Dungeon
  8188 | D:11     | Noticed a cyan ugly thing
  8199 | D:11     | Killed a cyan ugly thing
  8199 | D:11     | Reached ***** piety under Okawaru
  8203 | D:11     | Reached skill level 10 in Axes
  8205 | D:11     | Killed from afar by an orc priest

Levels and vault maps discovered:
D:1:      minmay_arrival_shoal_huts, layout_basic
D:2:      layout_basic, lemuel_coloured_pillars_altar
D:3:      layout_rooms, minmay_overflow_temple_star_hex,
          minmay_misc_feat_plants, makhleb_blood_cavern_becter
D:4:      layout_rooms, serial_shops, nicolae_shop_waterfront, st_stairs_1,
          hex_large, bh_walls_and_bars, uniq_grinder, uniq_eustachio,
          uniq_duvessa
D:5:      kennysheep_slugbush, layout_basic, first_ration, supply_closet_lemuel,
          guppyfry_early_lair_pool, uniq_blork_the_orc, uniq_pikel
D:6:      layout_cave_pods, minmay_temple_entry_stoned_glass,
          minmay_manual_macuahuitl
D:7:      layout_basic, serial_shops, nicolae_shop_behind_doors
D:8:      cheibrodos_statue_roulette, layout_loops_ring, serial_shops,
          nicolae_shop_crystal, ebering_ghost_disaster_area
D:9:      layout_rooms, david_lair_shrubbed, orc_0_dummy
D:10:     minmay_wavy_crystal, layout_small_grid
D:11:     layout_loops_ring, grunt_pizzeria, uniq_nergalle, uniq_grum
Temple:   compressed_dpeg_circular_temple

Skill      XL: |  1  2  3  4  5  6  7  8  9 10 11 |
---------------+----------------------------------+-----
Armour         | 4 5 6 7 8 10 | 10.3
Fighting       | 4 5 6 7 8 10 | 10.3
Shields        | 4 5 6 7 9 10 | 10.4
Axes           | 3 4 5 7 8 9 10 | 10.0
Evocations     | 2 4 5 |  5.0
Invocations    | 3 4 |  4.3

Action                   |  1- 3 |  4- 6 |  7- 9 | 10-12 || total
-------------------------+-------+-------+-------+-------++-------
Melee: War axe           |    88 |    87 |   319 |   267 ||   761
       Headbutt          |    13 |    10 |    50 |    70 ||   143
       Unarmed           |       |       |     6 |       ||     6
Invok: Heroism           |       |       |       |     5 ||     5
Evoke: Wand              |       |       |       |     2 ||     2
 Stab: Confused          |       |       |     1 |       ||     1
  Eat: Chunk             |     1 |     4 |     6 |     3 ||    14
       Ration            |       |     1 |     1 |     1 ||     3
Armor: Scale mail        |    56 |     4 |       |       ||    60
       Chain mail        |       |    33 |   155 |   111 ||   299
       Skin              |       |       |     3 |       ||     3
Dodge: Dodged            |    26 |    16 |    73 |    65 ||   180
Block: Shield            |    44 |    49 |   183 |   156 ||   432
